Map: Ephemeron LE

Players

TexasTech

  • Race: Protoss Protoss
  • League: Diamond
  • Spawn Location: 11:00

pHARM - Winner!

  • Race: Zerg Zerg
  • League: Platinum
  • Spawn Location: 5:00

VOD

Have the link to the VOD?

Description

Time

  • Played on: Sept. 1, 2019, 7:45 p.m.
  • Length: 10:03
Show
View Real Time Build Order
Export as new Build Order

TexasTech Protoss 

Build Orders: Double Forge, Oracle Opening, Chargelot Immortal 

Get SALT Encoding   

  12  0:00  Probe  
  13  0:13  Probe  
  14  0:19  Pylon  
  14  0:25  Probe  
  15  0:38  Probe  
  15  0:40  Gateway  
  16  0:46  Probe  
  16  0:56  Probe  
  18  1:08  Gateway  
  18  1:09  Probe  
  19  1:15  Assimilator  
  19  1:21  Probe  
  20  1:30  Cybernetics Core  
  20  1:33  Probe  
  21  1:42  Pylon  
  21  1:46  Probe  
  22  1:57  Assimilator  
  22  2:00  Probe  
  23  2:05  Warp Gate  
  23  2:08  Zealot  
  25  2:21  Nexus  
  25  2:33  Probe  
  25  2:36  Sentry  
  28  2:45  Probe  
  28  2:47  Pylon  
  28  2:49  Adept  
  31  3:05  Probe  
  32  3:12  Pylon  
  32  3:16  Stargate  
  32  3:17  Probe  
  33  3:20  Gateway  
  33  3:29  Probe  
  34  3:38  Probe  
  34  3:41  Probe  
  35  3:49  Oracle  
  35  3:50  Probe  
  35  3:53  Probe  
  37  4:02  Probe  
  41  4:05  Probe  
  41  4:06  Assimilator  
  41  4:08  Assimilator  
  42  4:12  Forge  
  42  4:14  Probe  
  42  4:16  Forge  
  43  4:18  Sentry  
  43  4:23  Probe  
  46  4:27  Probe  
  47  4:34  Oracle  
  47  4:35  Probe  
  51  4:39  Probe  
  51  4:40  Pylon  
  51  4:45  Gateway  
  52  4:48  Probe  
  53  4:55  Probe  
  54  5:00  Probe  
  54  5:05  Zealot x2, Robotics Facility  
  54  5:06  Stalker  
  61  5:09  Protoss Ground Armor Level 1, Probe, Protoss Ground Weapons Level 1  
  62  5:26  Zealot  
  62  5:27  Zealot  
  70  6:11  Immortal  
  70  6:27  Twilight Council  
  70  6:36  Pylon  
  70  6:40  Pylon  
  70  6:44  Pylon  
  70  6:45  Nexus  
  70  6:48  Pylon  
  69  6:59  Stalker x2  
  69  7:00  Stalker x2  
  77  7:18  Charge  
  77  7:19  Protoss Ground Weapons Level 2  
  77  7:20  Protoss Ground Armor Level 2  
  77  7:32  Immortal, Nexus  
  77  7:35  Pylon  
  77  7:37  Pylon  
  81  7:51  Zealot x3  
  85  7:52  Stalker  
  85  7:54  Pylon  
  85  7:55  Probe x2  
  85  7:56  Gateway  
  85  7:57  Pylon  
  91  7:59  Gateway  
  91  8:00  Pylon  
  91  8:03  Gateway  
  91  8:06  Phoenix  
  93  8:36  Immortal  
  97  8:42  Robotics Facility  
  97  8:43  Gateway  
  97  8:45  Gateway  
  97  9:11  Stalker x2  
  97  9:12  Zealot, Stalker x2  
  97  9:15  Immortal  
  111  9:18  Probe x3  
  114  9:30  Probe  
  115  9:32  Probe  
  115  9:37  Probe, Assimilator  
  117  9:42  Probe  
  117  9:44  Probe  
  119  9:49  Probe  
  122  9:56  Templar Archives  
Show
View Real Time Build Order
Export as new Build Order

pHARM Zerg - Winner!

Build Orders: Hatch First 

Get SALT Encoding   

  12  0:01  Drone  
  13  0:12  Overlord  
  13  0:17  Drone  
  14  0:30  Drone  
  14  0:31  Drone  
  16  0:51  Hatchery  
  16  0:55  Drone  
  16  0:58  Drone  
  17  1:09  Drone  
  18  1:17  Spawning Pool  
  18  1:18  Drone  
  18  1:19  Drone  
  19  1:29  Drone  
  20  1:34  Extractor  
  19  1:42  Drone  
  20  1:51  Drone  
  21  2:02  Drone  
  21  2:04  Queen x2  
  21  2:06  Drone  
  27  2:25  Spine Crawler  
  27  2:29  Drone  
  28  2:30  Drone  
  28  2:32  Overlord x2  
  28  2:58  Drone x6  
  34  3:12  Zergling x2  
  35  3:14  Drone  
  35  3:19  Overlord x2  
  36  3:28  Drone x5  
  41  3:34  Hatchery  
  41  3:40  Roach Warren  
  39  3:43  Evolution Chamber  
  39  3:44  Evolution Chamber  
  37  3:50  Drone  
  37  3:51  Drone x5  
  43  4:01  Drone, Extractor  
  43  4:02  Extractor, Drone  
  43  4:09  Zerg Missile Weapons Level 1  
  43  4:17  Drone x2  
  43  4:18  Drone  
  43  4:20  Lair  
  46  4:25  Zerg Ground Armor Level 1  
  46  4:42  Roach x7  
  60  4:56  Overlord x3  
  60  5:03  Overlord x2  
  60  5:20  Glial Reconstitution  
  60  5:25  Ravager  
  60  5:27  Ravager  
  61  5:36  Roach x4  
  61  5:37  Roach x4  
  66  6:01  Spore Crawler  
  66  6:02  Spore Crawler  
  63  6:29  Drone x3  
  63  6:30  Drone x9  
  75  6:56  Zerg Missile Weapons Level 2  
  75  6:59  Zerg Ground Armor Level 2  
  75  7:02  Drone x8  
  83  7:25  Drone x2  
  83  7:27  Hydralisk Den  
  84  7:39  Drone x3  
  87  7:46  Extractor  
  87  7:50  Infestation Pit  
  85  8:01  Grooved Spines  
  85  8:05  Drone x5  
  90  8:07  Extractor  
  90  8:08  Extractor  
  88  8:13  Overlord x4  
  88  8:37  Drone x7  
  88  8:38  Drone x7  
  102  8:47  Hydralisk x4  
  110  8:49  Queen  
  110  8:50  Queen x2  
  116  8:56  Spore Crawler  
  116  8:58  Spine Crawler  
  114  9:04  Hydralisk x4  
  114  9:05  Overlord, Hatchery  
  114  9:06  Overlord x3  
  121  9:25  Hydralisk x6  
  133  9:35  Spire  
Tags
 
Add a new tag
Caveats
  • Supply blocks, unpowered buildings, or Contaminate may cause inaccurate times.
  • Supply counts are checked every 10 seconds.